 Dungeon Crawl Stone Soup version 0.29-a0-350-g7790a0e70a (webtiles) character file.

Game seed: 13666951279718112105

545 zishaf the Stinger (level 7, -13/66 HPs)
             Began as a Naga Wanderer on Apr 22, 2022.
             Mangled by Duvessa
             ... wielding a +0 rapier
              (15 damage)
             ... on level 3 of the Dungeon.
             The game lasted 00:09:25 (4664 turns).

zishaf the Stinger (Naga Wanderer)                  Turns: 4664, Time: 00:09:26

Health: -13/66     AC:  3    Str: 12    XL:     7   Next: 27%
Magic:  1/10       EV:  9    Int: 16    God:
Gold:   192        SH:  3    Dex: 11    Spells: 2/10 levels left

rFire   . . .      SeeInvis +   h - +1 whip (elec)
rCold   . . .      Faith    .   b - +0 buckler
rNeg    . . .      Spirit   .   d - +0 robe
rPois   +          Reflect  .   (no helmet)
rElec   .          Harm     .   (no cloak)
rCorr   .          Rampage  .   (no gloves)
Will    .....                   (no barding)
Stlth   ++........              (no amulet)
HPRegen 0.21/turn               (no ring)
MPRegen 0.12/turn               (no ring)

@: weak-willed, very slow
A: AC +2, large, see invisible, deformed body, poison resistance, slowness 2,
spit poison 1, naga tail 1
a: Spit Poison


You were on level 3 of the Dungeon.
You visited 1 branch of the dungeon, and saw 4 of its levels.

You collected 192 gold pieces.

Inventory:

Hand Weapons
 a - a +0 war axe
 h - a +1 whip of electrocution (weapon)
Armour
 b - a +0 buckler (worn)
 d - a +0 robe (worn)
Jewellery
 k - an amulet of faith
Scrolls
 g - a scroll of vulnerability
 i - a scroll of enchant weapon {unknown}
 p - 2 scrolls of immolation
Potions
 e - 2 potions of brilliance {unknown}
 f - a potion of mutation
 j - a potion of lignification
 l - 2 potions of might
 m - a potion of flight
 q - a potion of magic
 r - 3 potions of ambrosia
 s - a potion of curing {unknown}
 u - a potion of resistance {unknown}


   Skills:
 + Level 4.4 Fighting
 - Level 5.2 Axes
 - Level 1.0 Dodging
 - Level 1.5 Stealth
 + Level 1.4 Shields
 - Level 2.0 Spellcasting
 + Level 1.3 Transmutations
 - Level 1.0 Air Magic
 + Level 1.2 Earth Magic
 + Level 5.6 Poison Magic


You had 2 spell levels left.
You knew the following spells:

 Your Spells              Type           Power      Damage    Failure   Level
a - Poisonous Vapours     Pois/Air       24%        N/A       10%         2
b - Statue Form           Tmut/Erth      3%         N/A       100%        6

Your spell library contained the following spells:

 Spells                   Type           Power      Damage    Failure   Level
 Corpse Rot               Necr/Air       6%         N/A       30%         2
 Leda's Liquefaction      Hex/Erth       1%         N/A       89%         4
 Lee's Rapid Deconstruct  Erth           2%         3d6*      99%         5


Dungeon Overview and Level Annotations

Branches:
Dungeon (4/15)
 Temple: D:4-7

Altars:

Annotations:
D:3 Dowan, Duvessa


Innate Abilities, Weirdness & Mutations

Your serpentine skin is tough. (AC +2)
You have supernaturally acute eyesight. (SInv)
Armour fits poorly on your strangely shaped body.
Your system is resistant to poisons. (rPois)
You cover ground very slowly.
You can spit poison.
You have a snake-like lower body.


Message History

Aiming: Poisonous Vapours (safe; 10% risk of failure)
Press: ? - help, Dir - move target, f/p - Dowan
Aim: Dowan, wielding a +0 dagger and wearing a +0 robe Poisonous vapours surround Dowan!
Dowan is poisoned.
You block Duvessa's attack. Dowan hits you with a +0 dagger.
Casting: Poisonous Vapours (safe; 10% risk of failure)
Confirm with . or Enter, or press ? or * to list all spells.
Aiming: Poisonous Vapours (safe; 10% risk of failure)
Press: ? - help, Dir - move target, f/p - Dowan
Aim: Dowan, wielding a +0 dagger and wearing a +0 robe (lightly wounded, poisoned) Poisonous vapours surround Dowan!
Dowan looks even sicker.
Duvessa hits you with a +0 rapier!
* * * LOW HITPOINT WARNING * * *
Dowan gestures at you while chanting.
You easily resist.
Aiming: Spit Poison (1% risk of failure)
Press: ? - help, Shift-Dir - straight line, f/p - Dowan
Aim: Dowan, wielding a +0 dagger and wearing a +0 robe (moderately wounded, very poisoned, 45% to hit)
The splash of poison misses Dowan.
You block Duvessa's attack. Dowan hits you with a +0 dagger.
* * * LOW HITPOINT WARNING * * *
As you read the scroll labelled JAOSUF SOWITA, it crumbles to dust.
Magic quickly surges around you.
It was a scroll of vulnerability.
Duvessa gestures with her weapon.
Duvessa hits you with a +0 rapier!
* * * LOW HITPOINT WARNING * * *
Dowan hits you with a +0 dagger.
* * * LOW HITPOINT WARNING * * *
As you read the scroll of fear, it crumbles to dust.
You assume a fearsome visage.
Duvessa looks frightened!
Dowan looks frightened!
Dowan gestures wildly while chanting.
Dowan blinks!
Your magical contamination has completely faded away.
Dowan mumbles some strange words.
Dowan blinks!
Dowan mumbles some strange words.
Dowan blinks!
You have got your breath back.
Duvessa attacks as you move away! Duvessa hits you with a +0 rapier!
You die...

########## #........#
#####.....[..######
#..>'.....)..'.....
#.#.#ยง.......######
#.e.'........'....#
#.@.#........####.#
#...#........# #.#
#...#############.#
########...#######....##.#
#......................<..
#.#######.########.[..##.#
#.# #.# #....##.. #.# #.#
###'##### #.# #.# #.#


You could see Duvessa (poisoned, weak-willed).

Vanquished Creatures
  Sigmund (D:2)
  A phantom (D:4)
  2 scorpions (D:4)
  A hound (D:4)
  An iguana (D:4)
  2 orc wizards (D:4)
  2 adders (D:2)
  3 worms
  2 dart slugs (D:1)
  An orc (D:4)
  7 bats
  6 endoplasms
  2 giant cockroaches
  7 goblins
  6 hobgoblins
  3 jackals (D:3)
  A quokka (D:2)
  10 ball pythons
  3 frilled lizards
  6 kobolds
  9 rats
  A spectral kobold (D:1)
77 creatures vanquished.

Notes
Turn   | Place    | Note
-------+----------+-------------------------------------------
     0 | D:1      | zishaf the Naga Wanderer began the quest for the Orb.
     0 | D:1      | zishaf set off with the following items: a +0 war axe, a +0
                  | buckler, a scroll of fear, a +0 robe; and the following
                  | spells available to memorise: Corpse Rot, Poisonous Vapours
     0 | D:1      | Reached XP level 1. HP: 15/15 MP: 2/2
   222 | D:1      | Found a faded altar of an unknown god.
   271 | D:1      | Reached skill level 1 in Fighting
   271 | D:1      | Reached XP level 2. HP: 23/23 MP: 3/3
   280 | D:1      | Learned a level 2 spell: Poisonous Vapours
   676 | D:1      | Reached skill level 1 in Poison Magic
   839 | D:1      | Reached XP level 3. HP: 31/31 MP: 4/4
  1402 | D:2      | Noticed Sigmund
  1411 | D:2      | Killed Sigmund
  1412 | D:2      | Reached XP level 4. HP: 19/42 MP: 2/5
  1412 | D:2      | Reached XP level 5. HP: 22/49 MP: 2/6
  2379 | D:3      | Reached XP level 6. HP: 57/57 MP: 7/7
  3112 | D:3      | Identified the +4 mace "Kusekk" {vamp, rPois}
  3430 | D:4      | Reached skill level 5 in Poison Magic
  3647 | D:4      | Noticed Duvessa
  3651 | D:4      | Noticed Dowan
  3890 | D:4      | Learned a level 6 spell: Statue Form
  4166 | D:4      | Reached skill level 1 in Transmutations
  4166 | D:4      | Reached skill level 1 in Earth Magic
  4166 | D:4      | Reached XP level 7. HP: 19/66 MP: 10/10
  4659 | D:3      | HP: 2/66 [Duvessa/+0 rapier (13)]
  4664 | D:3      | Mangled by Duvessa

Illustrated notes

Levels and vault maps discovered:
D:1:      erik_arrival_triangle_small, layout_loops_corners,
          dreamdust_ecumenical_altar_drowned_temple
D:2:      layout_loops_ring, mrwooster_statue_mirror, uniq_sigmund
D:3:      layout_basic
D:4:      layout_cave_pods, item_on_display_a, uniq_duvessa, uniq_robin,
          uniq_edmund

Skill      XL: |  1  2  3  4  5  6 |
---------------+-------------------+-----
Fighting       | 1 3 4 |  4.4
Poison Magic   | 1 4 5 |  5.6
Spellcasting   | 2 |  2.0
Transmutations | 1 |  1.3
Earth Magic    | 1 |  1.2
Axes           | |  5.2
Dodging        | |  1.0
Stealth        | |  1.5
Shields        | |  1.4
Air Magic      | |  1.0

Action                   |  1- 3 |  4- 6 |  7- 9 || total
-------------------------+-------+-------+-------++-------
Melee: War axe           |    17 |       |       ||    17
       Whip              |    37 |   146 |    19 ||   202
 Cast: Poisonous Vapours |     1 |     8 |     9 ||    18
 Abil: Spit Poison       |    24 |     4 |     4 ||    32
  Use: Scroll            |       |    13 |     2 ||    15
 Stab: Sleeping          |       |     6 |       ||     6
Armor: Robe              |    15 |    36 |     3 ||    54
Dodge: Dodged            |    23 |    49 |     4 ||    76
Block: Buckler           |     6 |    26 |     9 ||    41

Table legend: (Time is in decaauts)
 A = Elapsed time spent in this place.
 B = Non-inter-level travel time spent in this place.
 C = Inter-level travel time spent in this place.
 D = Time resting spent in this place.
 E = Time spent auto-exploring this place.
 F = Levels seen in this place.
 G = Mean time per level.
                   A        B        C        D        E       F      G
               +--------+--------+--------+--------+--------+-----+--------+
         Total |   5686 |   5473 |    213 |    247 |   4411 |   4 | 1421.5 |
       Dungeon |   5686 |   5473 |    213 |    247 |   4411 |   4 | 1421.5 |
               +--------+--------+--------+--------+--------+-----+--------+

Top non-repeatable levels by time:
     D:1: 1613 daAuts
     D:4: 1484 daAuts
     D:2: 1324 daAuts
     D:3: 1264 daAuts
